BSA
NASSAU ROCKETS @ ORLANDO CALRISSIAN
08/17/2026
 
TOP OF THE 1ST
Nassau Rockets batting - Pitching for Orlando Calrissian : LHP Mark Collins
Pitching: LHP Mark Collins
Batting: LHB Doug Thompson 0-0: Called Strike
0-1: Called Strike
0-2: Fly out, F9 (Line Drive, 9M)
Batting: SHB Howard Parker 0-0: Ball
1-0: Ball
2-0: Foul Ball, location: 2F
2-1: Foul Ball, location: 2F
2-2: Foul Ball, location: 2F
2-2: Ground out 4-3 (Groundball, 4M)
Batting: LHB Andrew Alvarado 0-0: Foul Ball, location: 2F
0-1: Ball
1-1: Ground out 5-3 (Groundball, 5)
Top of the 1st over - 0 run(s), 0 hit(s), 0 error(s), 0 left on base; Nassau 0 - Orlando 0
BOTTOM OF THE 1ST
Orlando Calrissian batting - Pitching for Nassau Rockets : RHP Valentín Luna
Pitching: RHP Valentín Luna
Batting: LHB Danny Allen 0-0: Ball
1-0: Foul Ball, location: 2F
1-1: Ball
2-1: Called Strike
2-2: Strikes out swinging
Batting: SHB Tim Abbott 0-0: Called Strike
0-1: Ball
1-1: Called Strike
1-2: Ground out 5-3 (Groundball, 5)
Batting: RHB Rich Anderson 0-0: Called Strike
0-1: SINGLE (Groundball, 15S) (infield hit)
Batting: LHB Santiago Márquez 0-0: Ball
1-0: Ball
2-0: Ball
3-0: Called Strike
3-1: Base on Balls
Rich Anderson to second
Batting: LHB Juan Colón 0-0: Called Strike
0-1: Fly out, F7 (Popup, 5D)
Bottom of the 1st over - 0 run(s), 1 hit(s), 0 error(s), 2 left on base; Nassau 0 - Orlando 0
TOP OF THE 2ND
Nassau Rockets batting - Pitching for Orlando Calrissian : LHP Mark Collins
Batting: LHB Bob Martin 0-0: Swinging Strike
0-1: Ball
1-1: Called Strike
1-2: Ball
2-2: Ball
3-2: Foul Ball, location: 2F
3-2: Strikes out swinging
Batting: SHB Chris Bennis 0-0: Ground out 4-3 (Groundball, 4)
Batting: LHB Don Ramey 0-0: Called Strike
Single, Error in OF, E8, batter to second base
Pitching: LHP Clarence Skerratt
Batting: RHB Yaichiro Sugahara 0-0: Swinging Strike
0-1: Ball
1-1: Ball
2-1: Fly out, F3 (Popup, 3F)
Top of the 2nd over - 0 run(s), 1 hit(s), 1 error(s), 1 left on base; Nassau 0 - Orlando 0
BOTTOM OF THE 2ND
Orlando Calrissian batting - Pitching for Nassau Rockets : RHP Valentín Luna
Batting: RHB Kenny Cole 0-0: Fly out, F9 (Flyball, 89D)
Batting: RHB Frederico Hernández 0-0: Called Strike
0-1: Swinging Strike
0-2: Ball
1-2: Ball
2-2: Foul Ball, location: 2F
2-2: SINGLE (Groundball, 56)
Batting: RHB Robby Lewis 0-0: Fielders Choice at 2nd, 4-6 (Groundball, 4M)
Batting: RHB Enrique Bermúdez 0-0: Fly out, F2 (Popup, 2LF)
Bottom of the 2nd over - 0 run(s), 1 hit(s), 0 error(s), 1 left on base; Nassau 0 - Orlando 0
TOP OF THE 3RD
Nassau Rockets batting - Pitching for Orlando Calrissian : LHP Clarence Skerratt
Batting: RHB Pete Harvey 0-0: Ball
1-0: Called Strike
1-1: Foul Ball, location: 2F
1-2: Ball
2-2: Ball
3-2: Foul Ball, location: 2F
3-2: Ground out 6-3 (Groundball, 6M)
Batting: LHB Phil Smith 0-0: Swinging Strike
0-1: Swinging Strike
0-2: Strikes out swinging
Batting: LHB Doug Thompson 0-0: Foul Ball, location: 2F
0-1: Ball
1-1: Called Strike
1-2: Strikes out swinging
Top of the 3rd over - 0 run(s), 0 hit(s), 0 error(s), 0 left on base; Nassau 0 - Orlando 0
BOTTOM OF THE 3RD
Orlando Calrissian batting - Pitching for Nassau Rockets : RHP Valentín Luna
Batting: LHB Danny Allen 0-0: Foul Ball, location: 2F
0-1: Ball
1-1: Ball
2-1: Ball
3-1: Base on Balls
Batting: SHB Tim Abbott 0-0: Called Strike
0-1: Ball
1-1: SINGLE (Groundball, 4M)
Danny Allen to second
Runner from 2nd tries for 3rd, SAFE, throw made to third
Batting: RHB Rich Anderson 0-0: Ball
1-0: Ball
2-0: Called Strike
2-1: Ball
3-1: Base on Balls
Tim Abbott to second
Batting: LHB Santiago Márquez 0-0: Ball
1-0: Fly out, F9 (Line Drive, 89XD)
Runner from 3rd tags up, SCORES, no throw
Batting: LHB Juan Colón 0-0: Ball
Tim Abbott steals 3rd base
Rich Anderson to second
1-0: Foul Ball, location: 2F
1-1: Swinging Strike
1-2: Ball
2-2: Strikes out looking
Batting: RHB Kenny Cole 0-0: Called Strike
0-1: Ball
1-1: Called Strike
1-2: Ball
2-2: Foul Ball, location: 2F
2-2: Strikes out looking
Bottom of the 3rd over - 1 run(s), 1 hit(s), 0 error(s), 2 left on base; Nassau 0 - Orlando 1
TOP OF THE 4TH
Nassau Rockets batting - Pitching for Orlando Calrissian : LHP Clarence Skerratt
Batting: SHB Howard Parker 0-0: Ball
1-0: Ball
2-0: Foul Ball, location: 2F
2-1: Bunt for hit - play at first, batter OUT! 1-3
Batting: LHB Andrew Alvarado 0-0: Ball
1-0: Ball
2-0: Ball
3-0: Base on Balls
Batting: LHB Bob Martin 0-0: Foul Ball, location: 2F
0-1: Ball
1-1: Swinging Strike
1-2: Grounds out, U3 (Groundball, 3L)
Batting: SHB Chris Bennis 0-0: Called Strike
0-1: Ball
1-1: Ball
2-1: Foul Ball, location: 2F
2-2: Ground out 5-3 (Groundball, 5L)
Top of the 4th over - 0 run(s), 0 hit(s), 0 error(s), 1 left on base; Nassau 0 - Orlando 1
BOTTOM OF THE 4TH
Orlando Calrissian batting - Pitching for Nassau Rockets : RHP Valentín Luna
Batting: RHB Frederico Hernández 0-0: Foul Ball, location: 2F
0-1: Swinging Strike
0-2: Ball
1-2: Strikes out looking
Batting: RHB Robby Lewis 0-0: Ball
1-0: Called Strike
1-1: Foul Ball, location: 2F
1-2: SINGLE (Groundball, 15S) (infield hit)
Batting: RHB Enrique Bermúdez 0-0: Foul Ball, location: 2F
0-1: Swinging Strike
0-2: Foul Ball, location: 2F
0-2: Ground out 5-3 (Groundball, 56)
Robby Lewis to second
Batting: LHB Danny Allen 0-0: Ball
1-0: Called Strike
1-1: Ball
2-1: Ground out 1-3 (Groundball, 15)
Bottom of the 4th over - 0 run(s), 1 hit(s), 0 error(s), 1 left on base; Nassau 0 - Orlando 1
TOP OF THE 5TH
Nassau Rockets batting - Pitching for Orlando Calrissian : LHP Clarence Skerratt
Batting: LHB Don Ramey 0-0: Foul Ball, location: 2F
0-1: Ball
1-1: Ground out 2-3 (Groundball, 13S)
Batting: RHB Yaichiro Sugahara 0-0: Ball
1-0: Fly out, F8 (Line Drive, 8LM)
Batting: RHB Pete Harvey 0-0: SINGLE (Line Drive, 89S)
Batting: LHB Phil Smith 0-0: Ball
1-0: Ball
2-0: Ball
3-0: Base on Balls
Pete Harvey to second
Batting: LHB Doug Thompson 0-0: Called Strike
0-1: SINGLE (Flyball, 89S)
Pete Harvey to third
Phil Smith to second
Runner from 3rd tries for Home, SAFE, no throw or cutoff
Pitching: RHP Bernardo Hernández
Batting: SHB Howard Parker 0-0: Foul Ball, location: 2F
0-1: Ball
1-1: Foul Ball, location: 2F
1-2: Foul Ball, location: 2F
1-2: Ball
2-2: Ball
3-2: Base on Balls
Phil Smith to third
Doug Thompson to second
Batting: LHB Andrew Alvarado 0-0: Ball
1-0: Ball
2-0: Ball
3-0: Called Strike
3-1: SINGLE (Groundball, 4M) (infield hit)
Phil Smith scores
Doug Thompson to third
Howard Parker to second
Batting: LHB Bob Martin 0-0: Called Strike
0-1: Ball
1-1: Ball
2-1: Ball
3-1: Base on Balls
Doug Thompson scores
Howard Parker to third
Andrew Alvarado to second
Batting: SHB Chris Bennis 0-0: Ball
1-0: SINGLE (Groundball, 6M)
Howard Parker scores
Andrew Alvarado to third
Bob Martin to second
Runner from 3rd tries for Home, SAFE, no throw or cutoff
Batting: LHB Don Ramey 0-0: Ball
1-0: Called Strike
1-1: Ground out 1-3 (Groundball, 13S)
Top of the 5th over - 5 run(s), 4 hit(s), 0 error(s), 2 left on base; Nassau 5 - Orlando 1
BOTTOM OF THE 5TH
Orlando Calrissian batting - Pitching for Nassau Rockets : RHP Valentín Luna
Batting: SHB Tim Abbott 0-0: Ball
1-0: Ball
2-0: Foul Ball, location: 2F
2-1: Swinging Strike
2-2: Ball
3-2: Strikes out swinging
Batting: RHB Rich Anderson 0-0: Ball
1-0: Ball
2-0: Fly out, F8 (Flyball, 8LD)
Batting: LHB Santiago Márquez 0-0: Called Strike
0-1: Foul Ball, location: 2F
0-2: DOUBLE (Line Drive, 89M)
Batting: LHB Juan Colón 0-0: Ball
1-0: Swinging Strike
1-1: Ground out 5-3 (Groundball, 5)
Bottom of the 5th over - 0 run(s), 1 hit(s), 0 error(s), 1 left on base; Nassau 5 - Orlando 1
TOP OF THE 6TH
Nassau Rockets batting - Pitching for Orlando Calrissian : RHP Bernardo Hernández
Batting: RHB Yaichiro Sugahara 0-0: Ground out 6-3 (Groundball, 6)
Batting: RHB Pete Harvey 0-0: SINGLE (Groundball, 6MD)
Batting: LHB Phil Smith 0-0: Foul Ball, location: 2F
0-1: Called Strike
0-2: Ball
1-2: Ground out 1-3 (Groundball, 2R)
Pete Harvey to second
Batting: LHB Doug Thompson 0-0: Called Strike
0-1: Called Strike
0-2: Ball
1-2: SINGLE (Flyball, 9LM)
Pete Harvey to third
Pitching: LHP Richard Dorris
Batting: SHB Howard Parker 0-0: Foul Ball, location: 2F
0-1: Foul Ball, location: 2F
0-2: SINGLE (Groundball, 34)
Pete Harvey scores
Doug Thompson to second
Runner from 2nd tries for 3rd, SAFE, no throw or cutoff
Batting: LHB Andrew Alvarado 0-0: Ball
1-0: Ball
2-0: Ball
3-0: Base on Balls
Howard Parker to second
Batting: LHB Bob Martin 0-0: Ball
1-0: Called Strike
1-1: Ball
2-1: Ball
3-1: Called Strike
3-2: Foul Ball, location: 2F
3-2: Foul Ball, location: 2F
3-2: DOUBLE (Groundball, 5L)
Doug Thompson scores
Howard Parker scores
Andrew Alvarado to third
Andrew Alvarado scores
Batting: SHB Chris Bennis 0-0: Called Strike
0-1: Ball
1-1: Swinging Strike
1-2: Foul Ball, location: 2F
1-2: Ball
2-2: Strikes out swinging
Top of the 6th over - 4 run(s), 4 hit(s), 0 error(s), 1 left on base; Nassau 9 - Orlando 1
BOTTOM OF THE 6TH
Orlando Calrissian batting - Pitching for Nassau Rockets : RHP Valentín Luna
Batting: RHB Kenny Cole 0-0: Ball
1-0: Called Strike
1-1: Fly out, F7 (Flyball, 7S)
Batting: RHB Frederico Hernández 0-0: Ball
1-0: Ball
2-0: Fly out, F9 (Flyball, 89M)
Batting: RHB Robby Lewis 0-0: Ground out U3 (Groundball, 3S)
Bottom of the 6th over - 0 run(s), 0 hit(s), 0 error(s), 0 left on base; Nassau 9 - Orlando 1
TOP OF THE 7TH
Nassau Rockets batting - Pitching for Orlando Calrissian : LHP Richard Dorris
Batting: LHB Don Ramey 0-0: SINGLE (Line Drive, 6)
Batting: RHB Yaichiro Sugahara 0-0: Ball
1-0: Called Strike
1-1: Bunted foul
1-2: Ball
2-2: Fly out, F8 (Flyball, 78D)
Batting: RHB Pete Harvey 0-0: Called Strike
0-1: Ball
1-1: Ball
2-1: Foul Ball, location: 2F
2-2: Grounds into double play, 4-6-3 (Groundball, 4)
Top of the 7th over - 0 run(s), 1 hit(s), 0 error(s), 0 left on base; Nassau 9 - Orlando 1
BOTTOM OF THE 7TH
Orlando Calrissian batting - Pitching for Nassau Rockets : RHP Valentín Luna
Batting: RHB Enrique Bermúdez 0-0: Ball
1-0: Called Strike
1-1: SOLO HOME RUN (Flyball, 78XD), Distance : 421 ft
Batting: LHB Danny Allen 0-0: Ball
1-0: Called Strike
1-1: Ball
2-1: Ball
3-1: Foul Ball, location: 2F
3-2: Fly out, F8 (Flyball, 78XD)
Batting: SHB Tim Abbott 0-0: Fly out, F7 (Flyball, 7D)
Batting: RHB Rich Anderson 0-0: Ball
1-0: Ball
2-0: Foul Ball, location: 2F
2-1: Ball
3-1: Called Strike
3-2: Ground out 6-3 (Groundball, 56)
Bottom of the 7th over - 1 run(s), 1 hit(s), 0 error(s), 0 left on base; Nassau 9 - Orlando 2
TOP OF THE 8TH
Nassau Rockets batting - Pitching for Orlando Calrissian : LHP Richard Dorris
Batting: LHB Phil Smith 0-0: Ball
1-0: Called Strike
1-1: Ball
2-1: SINGLE (Flyball, 8RS)
Batting: LHB Doug Thompson 0-0: Ball
1-0: Fly out, F7 (Flyball, 7D)
Pinch Hitting: LHB Felipe Cruz 0-0: Ball
1-0: Ball
2-0: Fly out, F5 (Line Drive, 56)
Batting: LHB Andrew Alvarado 0-0: Ball
1-0: Swinging Strike
1-1: Swinging Strike
1-2: Ball
2-2: Ball
3-2: Foul Ball, location: 2F
3-2: SINGLE (Line Drive, 78S)
Phil Smith to second
Phil Smith to third
Batting: LHB Bob Martin 0-0: Ball
1-0: SINGLE (Groundball, 34D)
Phil Smith scores
Andrew Alvarado to second
Runner from 2nd tries for 3rd, SAFE, throw made to third
Batting: SHB Chris Bennis 0-0: Ground out 4-3 (Groundball, 13)
Top of the 8th over - 1 run(s), 3 hit(s), 0 error(s), 2 left on base; Nassau 10 - Orlando 2
BOTTOM OF THE 8TH
Orlando Calrissian batting - Pitching for Nassau Rockets : RHP Valentín Luna
Pitching: RHP José García
Now at 3B: Felipe Cruz
Batting: LHB Santiago Márquez 0-0: SOLO HOME RUN (Flyball, 8RXD), Distance : 405 ft
Batting: LHB Juan Colón 0-0: Called Strike
0-1: Called Strike
0-2: Ball
1-2: Foul Ball, location: 2F
1-2: Foul Ball, location: 2F
1-2: SINGLE (Groundball, 5D)
Batting: RHB Kenny Cole 0-0: Swinging Strike
0-1: Called Strike
0-2: Foul Ball, location: 2F
0-2: SINGLE (Line Drive, 4M)
Juan Colón to second
Runner from 2nd tries for 3rd, OUT after rundown.
Batting: RHB Frederico Hernández 0-0: Called Strike
0-1: 2-RUN HOME RUN (Flyball, 7LD), Distance : 345 ft
Pitching: RHP Juan Franco
Batting: RHB Robby Lewis 0-0: Ball
1-0: Ball
2-0: Called Strike
2-1: Reached on error, E4 (Groundball, 4)
Batting: RHB Enrique Bermúdez 0-0: Called Strike
0-1: Called Strike
0-2: Ball
1-2: Strikes out swinging
Batting: LHB Danny Allen 0-0: Called Strike
0-1: Foul Ball, location: 2F
0-2: Ball
1-2: Ground out 6-3 (Groundball, 6)
Bottom of the 8th over - 3 run(s), 4 hit(s), 1 error(s), 1 left on base; Nassau 10 - Orlando 5
TOP OF THE 9TH
Nassau Rockets batting - Pitching for Orlando Calrissian : LHP Richard Dorris
Pitching: RHP Dave Heath
Batting: LHB Don Ramey 0-0: Called Strike
0-1: Ball
1-1: Fly out, F8 (Flyball, 8LXD)
Batting: RHB Yaichiro Sugahara 0-0: Swinging Strike
0-1: Ball
1-1: Foul Ball, location: 2F
1-2: Hit by Pitch
Batting: RHB Pete Harvey 0-0: Ball
1-0: Ball
2-0: Called Strike
2-1: Ball
3-1: Ground out 5-3 (Groundball, 56S)
Yaichiro Sugahara to second
Batting: LHB Phil Smith 0-0: Foul Ball, location: 2F
0-1: Ball
1-1: Foul Ball, location: 2F
1-2: Strikes out looking
Top of the 9th over - 0 run(s), 0 hit(s), 0 error(s), 1 left on base; Nassau 10 - Orlando 5
BOTTOM OF THE 9TH
Orlando Calrissian batting - Pitching for Nassau Rockets : RHP Juan Franco
Batting: SHB Tim Abbott 0-0: Ball
1-0: Called Strike
1-1: Swinging Strike
1-2: Strikes out looking
Batting: RHB Rich Anderson 0-0: Called Strike
0-1: Ground out 5-3 (Groundball, 5)
Batting: LHB Santiago Márquez 0-0: Ball
1-0: Called Strike
1-1: Ball
2-1: Foul Ball, location: 2F
2-2: Foul Ball, location: 2F
2-2: Ground out 4-3 (Groundball, 4S)
Bottom of the 9th over - 0 run(s), 0 hit(s), 0 error(s), 0 left on base; Nassau 10 - Orlando 5
Monday, December 5th, 2016 - OOTP Baseball 17.12 Build 75